 Dungeon Crawl Stone Soup version 0.16-a0-3641-g71d4c1b (webtiles) character file.

347 ilikehotdogs the Covered (level 6, -1/39 HPs)
             Began as a Gargoyle Fighter on Feb 10, 2015.
             Slain by a gnoll (3 damage)
             ... on level 4 of the Dungeon.
             The game lasted 00:04:53 (2669 turns).

ilikehotdogs the Covered (Gargoyle Fighter)         Turns: 2669, Time: 00:04:53

Health: -1/39      AC: 11    Str: 20    XL:     6   Next: 59%
Magic:  7/7        EV:  8    Int: 10    God:
Gold:   134        SH:  9    Dex:  9    Spells: 0 memorised, 5 levels left

rFire  . . .     SeeInvis .     a - +1 flail
rCold  . . .     Clarity  .     n - +0 ring mail
rNeg   + . .     SustAb   .     c - +0 shield
rPois  ∞         Gourm    .     (no helmet)
rElec  +         Spirit   .     (no cloak)
rCorr  .         Warding  .     i - +0 pair of gloves
rMut   .         Stasis   .     (no boots)
MR     .....                    (no amulet)
Stlth  ..........               (no ring)
                                m - ring of wizardry

@: not resistant to hostile enchantments, extremely unstealthy
A: negative energy resistance 1, electricity resistance, unbreathing,
petrification resistance, rot immunity, AC +4
a: no special abilities


You were on level 4 of the Dungeon.
You were not hungry.

You visited 1 branch of the dungeon, and saw 4 of its levels.

You collected 134 gold pieces.

Inventory:

Hand weapons
 a - a +1 flail (weapon)
Armour
 c - a +0 shield (worn)
 i - a +0 pair of gloves (worn)
 n - a +0 ring mail (worn)
Jewellery
 m - a ring of wizardry (left hand)
Magical devices
 u - a wand of paralysis (20)
Scrolls
 f - a scroll of remove curse
 g - 2 scrolls of teleportation
 h - a scroll of blinking
Potions
 b - a potion of curing {unknown}
 e - a potion of might
 j - a potion of agility {unknown}
 o - a potion of haste {unknown}
 p - a potion of brilliance {unknown}
 q - a potion of lignification {unknown}
 t - a potion of flight {unknown}
Miscellaneous
 r - a plain deck of changes
Comestibles
 d - 3 bread rations
 l - a beef jerky
 s - 3 fruits


   Skills:
 + Level 4.7 Fighting
 + Level 3.8 Maces & Flails
 + Level 4.8 Armour
 + Level 4.5 Shields
 * Level 1.4 Evocations


You had 5 spell levels left.
You didn't know any spells.

Dungeon Overview and Level Annotations

Branches:
Dungeon (4/15)
 Temple: D:4-7

Altars:
Ashenzari
Nemelex Xobeh

Annotations:
D:4 runed door


Innate Abilities, Weirdness & Mutations

You are resistant to torment.
You are immune to poison.
Your stone body is very resilient (AC +4).
You resist negative energy.
You are resistant to electric shocks.
You can survive without breathing.
You are immune to petrification.
You are immune to rotting.


Message History

The gnoll hits you with a whip.
* * * LOW HITPOINT WARNING * * *
The gnoll hits you but does no damage. x2
Unknown command.
You hit the gnoll.
The gnoll is lightly wounded.
The gnoll hits you but does no damage. x2
The gnoll barely misses you.
You hit the gnoll.
The gnoll is heavily wounded.
You block the gnoll's attack. The gnoll barely misses you.
You block the gnoll's attack. The gnoll hits you but does no damage.
You closely miss the gnoll.
The gnoll is heavily wounded.
You block the gnoll's attack. The gnoll hits you but does no damage.
You block the gnoll's attack.
You hit the gnoll.
The gnoll is almost dead.
You block the gnoll's attack. The gnoll hits you.
You die...

. #####...
........#
#........#
##........#
...........#
#.........#
#......)g.##
#.....†@g..#
#.###..###.....#
#..# #.#
#..######.#
#.........+
##.######.+ #.#
#.# #.#


You could see 2 gnolls.

Vanquished Creatures
  The ghost of lawman0 the Charlatan, an average DDAr (D:4)
  The ghost of Reynoldscorey the Charlatan, an average DDAr (D:3)
  A gnoll shaman (D:4)
  5 adders
  A gnoll (D:4)
  5 worms (D:2)
  An ooze (D:3)
  5 ball pythons
  4 bats
  3 giant cockroaches
  5 goblins
  9 hobgoblins
  4 jackals (D:2)
  8 kobolds
  3 quokkas (D:2)
  7 giant newts
  6 rats
69 creatures vanquished.

Notes
Turn   | Place    | Note
--------------------------------------------------------------
     0 | D:1      | ilikehotdogs, the Gargoyle Fighter, began the quest for the Orb.
     0 | D:1      | Reached XP level 1. HP: 14/14 MP: 1/1
   228 | D:1      | Reached XP level 2. HP: 16/19 MP: 2/2
   501 | D:1      | Reached XP level 3. HP: 21/23 MP: 3/3
  1139 | D:2      | Found a shattered altar of Ashenzari.
  1154 | D:2      | Reached skill level 4 in Fighting
  1154 | D:2      | Reached XP level 4. HP: 24/29 MP: 4/4
  1975 | D:3      | Reached XP level 5. HP: 31/33 MP: 5/5
  2021 | D:3      | Noticed Reynoldscorey's ghost (average DDAr)
  2031 | D:3      | Killed Reynoldscorey's ghost
  2191 | D:3      | Found a sparkling altar of Nemelex Xobeh.
  2260 | D:3      | Reached XP level 6. HP: 39/39 MP: 6/6
  2497 | D:4      | Noticed lawman0's ghost (average DDAr)
  2527 | D:4      | Killed lawman0's ghost
  2527 | D:4      | Reached skill level 1 in Evocations
  2640 | D:4      | Found a large runed door.
  2641 | D:4      | Found a large runed door.
  2665 | D:4      | HP: 1/39 [gnoll/whip (6)]
  2669 | D:4      | Slain by a gnoll

Action                   |  1- 3 |  4- 6 || total
-------------------------+-------+-------++-------
Melee: Flail             |   119 |   169 ||   288
  Use: Scroll            |       |     7 ||     7
  Eat: Chunk             |       |     6 ||     6
